Connexion

Thunderbirds vs Eagles

Created - 1 septembre 2023 at 05:48

Goals
1 2 3 T
Thunderbirds 0 4 1 5
Eagles 0 1 0 1
Shots
1 2 3 T
Thunderbirds 10 11 11 32
Eagles 10 5 6 21

GoalsPenalties
1st period
No Goal
Stuart Percy (SPR) for Roughing (Minor) at 11:56
Noel Acciari (SPR) for High sticking (Minor) at 17:45
2nd period
1. Thunderbirds , C.J. Smith 5 (Noel Acciari 5, Stefan Noesen 4) at 1:43
2. Eagles , David Gustafsson 6 (Dan Renouf 8, Leo Komarov 6) at 2:53
3. Thunderbirds , Paul Stastny 4 (Stuart Percy 8, Chris Wideman 9) at 7:11
4. Thunderbirds , C.J. Smith 6 (Chris Wideman 10, Stefan Noesen 5) at 10:49
5. Thunderbirds , Austin Poganski 6 (Sergei Boikov 3, Alex Belzile 10) at 11:07
Noel Acciari (SPR) for Close Hand On Puck (Minor) at 14:22
3rd period
6. Thunderbirds , Alex Belzile 3 (Alex Peters 8, Michael Chaput 5) at 15:29
Kris Russell (COL) for Hooking (Minor) at 8:20
Stuart Percy (SPR) for Hooking (Minor) at 15:48
Goalie Stats
Andrew D'Agostini (SPR), 20 saves from 21 shots - (0,952), W, 5-4-2, 60:00 minutes
Cory Schneider (COL), 27 saves from 32 shots - (0,844), L, 5-5-2, 60:00 minutes
3 StarsOfficial
1 - C.J. Smith (SPR)
2 - Alex Belzile (SPR)
3 - Stefan Noesen (SPR)
Referees : Wes McCauley and Rob Shick
Linesman : Tony Sericolo and Lyle Seitz
Game Note
No Game Note
Finance
Level 1 -- Attendance: 1520 (76,00%) -- Ticket Income 60 800 $
Level 2 -- Attendance: 582 (58,20%) -- Ticket Income 14 550 $
Total Attendance: 2102 (70,07%)
Total Ticket Income: 75 350 $
Other Income: 15 070 $
Total Income: 90 420 $



Team Name Goals Shots Shots Attemp Shots Blocked PIM HIT PP PK FO%
Thunderbirds 5326748250 / 1 (0%)053%
Eagles 12149122170 / 4 (0%)047%

Thunderbirds
Player Name POS G A P +/- PIM HIT SHT SB MP PP MP PP SHT PK MP PK SHT FO% FOT
Aaron HarstadD0000002318:370:0002:3700% 0
Alex BelzileC/RW1121003016:220:0000:19031% 16
Alex PetersD0110030017:230:0000:3200% 0
Austin PoganskiRW1011003016:030:0000:0000% 0
Bobby NardellaD0002001020:350:5204:0900% 0
C.J. SmithLW2022032019:400:5202:5900% 0
Chris WidemanD0222001022:021:0703:1500% 0
Logan O'ConnorRW0000000020:081:0704:4800% 0
Lucas ElvenesC000000000:090:0000:0000% 0
Michael ChaputC/LW0111013016:120:0000:090100% 1
Noel AcciariC/RW0112423016:390:5200:00063% 19
Nolan VeseyLW/RW000100004:000:0000:0000% 0
Paul StastnyC1011015123:491:0704:38052% 27
Ryan LombergLW0000064018:191:0702:59067% 3
Sergei BoikovD0112050020:300:5203:4200% 0
Stefan NoesenRW0222014016:410:5200:000100% 1
Stelio MattheosC/RW000100004:000:0000:00060% 5
Stuart PercyD0112431020:511:0701:3700% 0
Eagles
Player Name POS G A P +/- PIM HIT SHT SB MP PP MP PP SHT PK MP PK SHT FO% FOT
Branden TroockRW000-3010015:140:4000:1200% 0
Brayden BurkeC/LW/RW000-2021020:563:3200:1900% 1
Brett KulakD0000002023:324:4221:1000% 0
Cooper MarodyC000-3002115:040:0000:42050% 14
Dan RenoufD0110010123:324:4201:1000% 0
Daniel AudetteC000000004:460:4000:07040% 5
David GustafssonC1011004123:203:4400:58044% 25
Devante Smith-PellyRW0001003018:233:4430:0000% 2
Gage GoncalvesC000000000:400:4000:0000% 0
Jacob PetersonC/LW000-2003020:373:3200:00050% 2
Kris RussellD000-2210114:530:0300:0000% 0
Leo KomarovLW0111043019:213:4400:5800% 0
Marc-Edouard VlasicD000-2020221:343:1100:4900% 0
Mark GiordanoD000-2010221:343:1100:4900% 0
Matej PaulovicLW000-3032014:220:0000:0000% 0
Sebastien ReppoRW000000003:590:0000:0000% 0
Ty EmbersonD000-2011414:540:0300:0000% 0
Tyler BozakC000-2010021:193:3200:42057% 23



Play-by-Play

1st period


0:01 of 1st period - David Gustafsson wins face-off versus Paul Stastny in neutral zone.
0:01 of 1st period - David Gustafsson is hit by Ryan Lomberg.
0:08 of 1st period - David Gustafsson is hit by Stuart Percy and loses puck.
0:19 of 1st period - Icing by Leo Komarov.
0:20 of 1st period - Noel Acciari wins face-off versus David Gustafsson in Eagles zone.
0:27 of 1st period - Shot by C.J. Smith.
0:27 of 1st period - Shot Misses the Net.
0:29 of 1st period - Shot by Stefan Noesen.
0:29 of 1st period - Stopped by Cory Schneider without a rebound.
0:30 of 1st period - Alex Belzile wins face-off versus Tyler Bozak in Eagles zone.
0:53 of 1st period - Shot by Michael Chaput.
0:53 of 1st period - Shot Blocked by Marc-Edouard Vlasic.
1:10 of 1st period - Alex Belzile is hit by Mark Giordano and loses puck.
1:31 of 1st period - Bobby Nardella is hit by Marc-Edouard Vlasic.
1:50 of 1st period - Icing by Stefan Noesen.
1:51 of 1st period - Cooper Marody wins face-off versus Noel Acciari in Thunderbirds zone.
2:09 of 1st period - Branden Troock is hit by C.J. Smith and loses puck.
2:16 of 1st period - Bobby Nardella is hit by Matej Paulovic and loses puck.
2:31 of 1st period - Shot by Cooper Marody.
2:31 of 1st period - Shot Misses the Net.
2:58 of 1st period - Off-side.
2:59 of 1st period - Alex Belzile wins face-off versus Daniel Audette in neutral zone.
3:06 of 1st period - Shot by Austin Poganski.
3:06 of 1st period - Shot Blocked by Dan Renouf.
4:07 of 1st period - Shot by Ryan Lomberg.
4:07 of 1st period - Stopped by Cory Schneider without a rebound.
4:08 of 1st period - Paul Stastny wins face-off versus Tyler Bozak in Eagles zone.
4:58 of 1st period - Shot by David Gustafsson.
4:58 of 1st period - Stopped by Andrew D'Agostini with a rebound.
5:06 of 1st period - Shot by Leo Komarov.
5:06 of 1st period - Stopped by Andrew D'Agostini without a rebound.
5:07 of 1st period - Cooper Marody wins face-off versus Noel Acciari in Thunderbirds zone.
5:18 of 1st period - Stefan Noesen is hit by Matej Paulovic.
5:25 of 1st period - Shot by Stefan Noesen.
5:25 of 1st period - Shot Misses the Net.
5:56 of 1st period - Off-side.
5:57 of 1st period - David Gustafsson wins face-off versus Alex Belzile in neutral zone.
6:04 of 1st period - Off-side.
6:05 of 1st period - David Gustafsson wins face-off versus Paul Stastny in neutral zone.
6:17 of 1st period - Icing by Paul Stastny.
6:18 of 1st period - Tyler Bozak wins face-off versus Paul Stastny in Thunderbirds zone.
6:27 of 1st period - Shot by Jacob Peterson.
6:27 of 1st period - Deflect By Tyler Bozak.
6:27 of 1st period - Shot Misses the Net.
6:35 of 1st period - Icing by Ty Emberson.
6:36 of 1st period - Noel Acciari wins face-off versus Tyler Bozak in Eagles zone.
6:40 of 1st period - Shot by C.J. Smith.
6:40 of 1st period - Shot Blocked by Ty Emberson.
6:55 of 1st period - Jacob Peterson is hit by Stuart Percy and loses puck.
7:18 of 1st period - Shot by David Gustafsson.
7:18 of 1st period - Stopped by Andrew D'Agostini with a rebound.
7:48 of 1st period - Shot by David Gustafsson.
7:48 of 1st period - Stopped by Andrew D'Agostini without a rebound.
7:49 of 1st period - Cooper Marody wins face-off versus Paul Stastny in Thunderbirds zone.
8:29 of 1st period - Shot by Paul Stastny.
8:29 of 1st period - Stopped by Cory Schneider without a rebound.
8:30 of 1st period - Tyler Bozak wins face-off versus Alex Belzile in Eagles zone.
8:30 of 1st period - Tyler Bozak is hit by Michael Chaput.
8:36 of 1st period - Aaron Harstad is hit by Brayden Burke.
8:59 of 1st period - Shot by Jacob Peterson.
8:59 of 1st period - Shot Misses the Net.
9:01 of 1st period - Shot by Jacob Peterson.
9:01 of 1st period - Stopped by Andrew D'Agostini without a rebound.
9:02 of 1st period - Stelio Mattheos wins face-off versus Devante Smith-Pelly in Thunderbirds zone.
9:09 of 1st period - Shot by David Gustafsson.
9:09 of 1st period - Shot Misses the Net.
9:33 of 1st period - Shot by Paul Stastny.
9:33 of 1st period - Shot Misses the Net.
9:40 of 1st period - Devante Smith-Pelly is hit by Sergei Boikov and loses puck.
9:48 of 1st period - Icing by Paul Stastny.
9:49 of 1st period - Paul Stastny wins face-off versus Tyler Bozak in Thunderbirds zone.
10:44 of 1st period - Shot by Matej Paulovic.
10:44 of 1st period - Shot Misses the Net.
11:13 of 1st period - Cooper Marody is hit by Stuart Percy and loses puck.
11:56 of 1st period - Minor Penalty to Stuart Percy for Roughing.
11:57 of 1st period - Tyler Bozak wins face-off versus Paul Stastny in Thunderbirds zone.
12:31 of 1st period - Shot by Brayden Burke.
12:31 of 1st period - Shot Misses the Net.
12:33 of 1st period - Shot by Brett Kulak.
12:33 of 1st period - Stopped by Andrew D'Agostini with a rebound.
12:35 of 1st period - Shot by Brayden Burke.
12:35 of 1st period - Shot Misses the Net.
13:06 of 1st period - Off-side.
13:07 of 1st period - Paul Stastny wins face-off versus David Gustafsson in neutral zone.
13:10 of 1st period - Shot by Aaron Harstad.
13:10 of 1st period - Shot Blocked by Marc-Edouard Vlasic.
13:24 of 1st period - Shot by David Gustafsson.
13:24 of 1st period - Shot Misses the Net.
13:26 of 1st period - Shot by Marc-Edouard Vlasic.
13:26 of 1st period - Deflect By Devante Smith-Pelly.
13:26 of 1st period - Stopped by Andrew D'Agostini with a rebound.
13:28 of 1st period - Shot by David Gustafsson.
13:28 of 1st period - Shot Misses the Net.
13:30 of 1st period - Shot by Devante Smith-Pelly.
13:30 of 1st period - Stopped by Andrew D'Agostini with a rebound.
14:17 of 1st period - Icing by Kris Russell.
14:18 of 1st period - Stelio Mattheos wins face-off versus Cooper Marody in Eagles zone.
14:26 of 1st period - Off-side.
14:27 of 1st period - Tyler Bozak wins face-off versus Noel Acciari in neutral zone.
14:31 of 1st period - Off-side.
14:32 of 1st period - Tyler Bozak wins face-off versus Noel Acciari in neutral zone.
14:34 of 1st period - Off-side.
14:35 of 1st period - Noel Acciari wins face-off versus Daniel Audette in neutral zone.
15:21 of 1st period - Shot by Ryan Lomberg.
15:21 of 1st period - Stopped by Cory Schneider with a rebound.
15:23 of 1st period - Shot by Logan O'Connor.
15:23 of 1st period - Shot Misses the Net.
15:25 of 1st period - Shot by Aaron Harstad.
15:25 of 1st period - Stopped by Cory Schneider without a rebound.
15:26 of 1st period - Tyler Bozak wins face-off versus Paul Stastny in Eagles zone.
15:42 of 1st period - Icing by Tyler Bozak.
15:43 of 1st period - Tyler Bozak wins face-off versus Alex Belzile in Eagles zone.
15:48 of 1st period - Shot by Alex Belzile.
15:48 of 1st period - Stopped by Cory Schneider with a rebound.
15:50 of 1st period - Shot by Austin Poganski.
15:50 of 1st period - Stopped by Cory Schneider with a rebound.
16:03 of 1st period - Shot by Austin Poganski.
16:03 of 1st period - Shot Misses the Net.
16:12 of 1st period - Michael Chaput is hit by Marc-Edouard Vlasic and loses puck.
16:43 of 1st period - Shot by Paul Stastny.
16:43 of 1st period - Shot Blocked by Mark Giordano.
16:45 of 1st period - Shot by Bobby Nardella.
16:45 of 1st period - Stopped by Cory Schneider without a rebound.
16:46 of 1st period - Noel Acciari wins face-off versus David Gustafsson in Eagles zone.
16:47 of 1st period - Shot by Stuart Percy.
16:47 of 1st period - Stopped by Cory Schneider without a rebound.
16:48 of 1st period - Paul Stastny wins face-off versus David Gustafsson in Eagles zone.
17:25 of 1st period - Shot by Ryan Lomberg.
17:25 of 1st period - Stopped by Cory Schneider without a rebound.
17:26 of 1st period - Noel Acciari wins face-off versus Cooper Marody in Eagles zone.
17:26 of 1st period - Noel Acciari is hit by Kris Russell.
17:45 of 1st period - Minor Penalty to Noel Acciari for High sticking.
17:46 of 1st period - Paul Stastny wins face-off versus Tyler Bozak in Thunderbirds zone.
17:46 of 1st period - Paul Stastny is hit by Tyler Bozak.
18:22 of 1st period - Shot by Marc-Edouard Vlasic.
18:22 of 1st period - Shot Misses the Net.
18:44 of 1st period - Shot by Brett Kulak.
18:44 of 1st period - Shot Blocked by Paul Stastny.
18:46 of 1st period - Shot by Devante Smith-Pelly.
18:46 of 1st period - Stopped by Andrew D'Agostini with a rebound.
18:48 of 1st period - Shot by Brett Kulak.
18:48 of 1st period - Stopped by Andrew D'Agostini without a rebound.
18:49 of 1st period - Ryan Lomberg wins face-off versus David Gustafsson in Thunderbirds zone.
19:00 of 1st period - Shot by David Gustafsson.
19:00 of 1st period - Shot Misses the Net.
19:06 of 1st period - Leo Komarov is hit by Ryan Lomberg.
19:49 of 1st period - Shot by Cooper Marody.
19:49 of 1st period - Shot Misses the Net.
Goals for this period are 0 for Thunderbirds vs 0 for Eagles.
Shots for this period are 10 for Thunderbirds vs 10 for Eagles.

2nd period


0:01 of 2nd period - Paul Stastny wins face-off versus David Gustafsson in neutral zone.
0:06 of 2nd period - Shot by Paul Stastny.
0:06 of 2nd period - Stopped by Cory Schneider without a rebound.
0:07 of 2nd period - Paul Stastny wins face-off versus David Gustafsson in Eagles zone.
0:22 of 2nd period - Chris Wideman is hit by Leo Komarov and loses puck.
1:03 of 2nd period - Shot by Jacob Peterson.
1:03 of 2nd period - Stopped by Andrew D'Agostini without a rebound.
1:04 of 2nd period - Cooper Marody wins face-off versus Noel Acciari in Thunderbirds zone.
1:43 of 2nd period - Shot by C.J. Smith.
1:43 of 2nd period - Goal by C.J. Smith - Thunderbirds : 1 - Eagles : 0.
1:44 of 2nd period - Tyler Bozak wins face-off versus Alex Belzile in neutral zone.
2:20 of 2nd period - Icing by Aaron Harstad.
2:21 of 2nd period - Alex Belzile wins face-off versus David Gustafsson in Thunderbirds zone.
2:25 of 2nd period - Icing by Aaron Harstad.
2:26 of 2nd period - David Gustafsson wins face-off versus Alex Belzile in Thunderbirds zone.
2:26 of 2nd period - David Gustafsson is hit by Alex Peters.
2:33 of 2nd period - Icing by Aaron Harstad.
2:34 of 2nd period - David Gustafsson wins face-off versus Alex Belzile in Thunderbirds zone.
2:36 of 2nd period - Devante Smith-Pelly is hit by Alex Peters and loses puck.
2:47 of 2nd period - Shot by Leo Komarov.
2:47 of 2nd period - Stopped by Andrew D'Agostini with a rebound.
2:53 of 2nd period - Shot by David Gustafsson.
2:53 of 2nd period - Goal by David Gustafsson - Thunderbirds : 1 - Eagles : 1.
2:54 of 2nd period - Tyler Bozak wins face-off versus Paul Stastny in neutral zone.
3:22 of 2nd period - Shot by Paul Stastny.
3:22 of 2nd period - Stopped by Cory Schneider with a rebound.
4:43 of 2nd period - Shot by Leo Komarov.
4:43 of 2nd period - Shot Misses the Net.
4:52 of 2nd period - Icing by David Gustafsson.
4:53 of 2nd period - Ryan Lomberg wins face-off versus David Gustafsson in Eagles zone.
5:48 of 2nd period - Shot by Aaron Harstad.
5:48 of 2nd period - Stopped by Cory Schneider with a rebound.
6:39 of 2nd period - Shot by Stefan Noesen.
6:39 of 2nd period - Shot Blocked by Ty Emberson.
7:07 of 2nd period - Shot by Chris Wideman.
7:07 of 2nd period - Shot Misses the Net.
7:09 of 2nd period - Shot by Paul Stastny.
7:09 of 2nd period - Shot Misses the Net.
7:11 of 2nd period - Shot by Stuart Percy.
7:11 of 2nd period - Deflect By Paul Stastny.
7:11 of 2nd period - Goal by Paul Stastny - Thunderbirds : 2 - Eagles : 1.
7:12 of 2nd period - Paul Stastny wins face-off versus Tyler Bozak in neutral zone.
7:42 of 2nd period - Icing by Alex Peters.
7:43 of 2nd period - Paul Stastny wins face-off versus Daniel Audette in Thunderbirds zone.
8:04 of 2nd period - Shot by Sebastien Reppo.
8:04 of 2nd period - Shot Misses the Net.
9:13 of 2nd period - Shot by Michael Chaput.
9:13 of 2nd period - Shot Blocked by Kris Russell.
9:39 of 2nd period - Icing by Leo Komarov.
9:40 of 2nd period - Paul Stastny wins face-off versus David Gustafsson in Eagles zone.
9:40 of 2nd period - Paul Stastny is hit by Ty Emberson.
10:09 of 2nd period - Icing by Paul Stastny.
10:10 of 2nd period - Paul Stastny wins face-off versus Cooper Marody in Thunderbirds zone.
10:24 of 2nd period - Cooper Marody is hit by Alex Peters and loses puck.
10:45 of 2nd period - Shot by C.J. Smith.
10:45 of 2nd period - Deflect By Stefan Noesen.
10:45 of 2nd period - Stopped by Cory Schneider with a rebound.
10:47 of 2nd period - Shot by Chris Wideman.
10:47 of 2nd period - Stopped by Cory Schneider with a rebound.
10:49 of 2nd period - Shot by C.J. Smith.
10:49 of 2nd period - Goal by C.J. Smith - Thunderbirds : 3 - Eagles : 1.
10:50 of 2nd period - Tyler Bozak wins face-off versus Alex Belzile in neutral zone.
11:03 of 2nd period - Shot by Alex Belzile.
11:03 of 2nd period - Stopped by Cory Schneider with a rebound.
11:05 of 2nd period - Shot by Sergei Boikov.
11:05 of 2nd period - Shot Misses the Net.
11:07 of 2nd period - Shot by Austin Poganski.
11:07 of 2nd period - Goal by Austin Poganski - Thunderbirds : 4 - Eagles : 1.
11:08 of 2nd period - Noel Acciari wins face-off versus David Gustafsson in neutral zone.
12:35 of 2nd period - Shot by Brayden Burke.
12:35 of 2nd period - Stopped by Andrew D'Agostini with a rebound.
13:15 of 2nd period - Shot by Branden Troock.
13:15 of 2nd period - Shot Blocked by Aaron Harstad.
13:43 of 2nd period - Shot by Austin Poganski.
13:43 of 2nd period - Shot Misses the Net.
13:55 of 2nd period - Noel Acciari is hit by Branden Troock.
14:22 of 2nd period - Minor Penalty to Noel Acciari for Close Hand On Puck.
14:23 of 2nd period - Paul Stastny wins face-off versus Tyler Bozak in Thunderbirds zone.
14:28 of 2nd period - Dan Renouf is hit by Paul Stastny and loses puck.
14:36 of 2nd period - Icing by Brett Kulak.
14:37 of 2nd period - Jacob Peterson wins face-off versus Paul Stastny in Eagles zone.
16:12 of 2nd period - Icing by Brett Kulak.
16:13 of 2nd period - Tyler Bozak wins face-off versus Ryan Lomberg in Eagles zone.
16:21 of 2nd period - Stuart Percy is hit by Brayden Burke and loses puck.
16:34 of 2nd period - Shot by Austin Poganski.
16:34 of 2nd period - Stopped by Cory Schneider without a rebound.
16:35 of 2nd period - Stefan Noesen wins face-off versus Cooper Marody in Eagles zone.
17:12 of 2nd period - Matej Paulovic is hit by C.J. Smith and loses puck.
18:31 of 2nd period - Shot by Ryan Lomberg.
18:31 of 2nd period - Shot Blocked by Ty Emberson.
18:36 of 2nd period - David Gustafsson is hit by Sergei Boikov and loses puck.
18:41 of 2nd period - Shot by David Gustafsson.
18:41 of 2nd period - Shot Misses the Net.
18:49 of 2nd period - Shot by Leo Komarov.
18:49 of 2nd period - Stopped by Andrew D'Agostini without a rebound.
18:50 of 2nd period - Daniel Audette wins face-off versus Noel Acciari in Thunderbirds zone.
19:22 of 2nd period - Shot by David Gustafsson.
19:22 of 2nd period - Shot Misses the Net.
19:33 of 2nd period - Icing by C.J. Smith.
19:34 of 2nd period - Noel Acciari wins face-off versus Brayden Burke in Thunderbirds zone.
Goals for this period are 4 for Thunderbirds vs 1 for Eagles.
Shots for this period are 11 for Thunderbirds vs 5 for Eagles.

3rd period


0:01 of 3rd period - David Gustafsson wins face-off versus Paul Stastny in neutral zone.
0:36 of 3rd period - Shot by Logan O'Connor.
0:36 of 3rd period - Shot Misses the Net.
0:38 of 3rd period - Shot by Ryan Lomberg.
0:38 of 3rd period - Shot Blocked by David Gustafsson.
0:40 of 3rd period - Shot by Stuart Percy.
0:40 of 3rd period - Shot Misses the Net.
1:06 of 3rd period - Shot by Stefan Noesen.
1:06 of 3rd period - Stopped by Cory Schneider without a rebound.
1:07 of 3rd period - Cooper Marody wins face-off versus Alex Belzile in Eagles zone.
1:25 of 3rd period - Shot by Alex Belzile.
1:25 of 3rd period - Shot Blocked by Ty Emberson.
2:03 of 3rd period - Shot by Noel Acciari.
2:03 of 3rd period - Stopped by Cory Schneider without a rebound.
2:04 of 3rd period - Tyler Bozak wins face-off versus Paul Stastny in Eagles zone.
2:23 of 3rd period - Icing by Marc-Edouard Vlasic.
2:24 of 3rd period - Noel Acciari wins face-off versus Tyler Bozak in Eagles zone.
2:25 of 3rd period - Shot by Stefan Noesen.
2:25 of 3rd period - Stopped by Cory Schneider with a rebound.
2:43 of 3rd period - Shot by Jacob Peterson.
2:43 of 3rd period - Shot Misses the Net.
3:19 of 3rd period - Icing by Paul Stastny.
3:20 of 3rd period - Paul Stastny wins face-off versus Cooper Marody in Thunderbirds zone.
3:35 of 3rd period - Shot by Ryan Lomberg.
3:35 of 3rd period - Stopped by Cory Schneider without a rebound.
3:36 of 3rd period - Alex Belzile wins face-off versus Devante Smith-Pelly in Eagles zone.
3:46 of 3rd period - Icing by Aaron Harstad.
3:47 of 3rd period - Daniel Audette wins face-off versus Alex Belzile in Thunderbirds zone.
3:50 of 3rd period - Shot by Sebastien Reppo.
3:50 of 3rd period - Deflect By Daniel Audette.
3:50 of 3rd period - Shot Misses the Net.
3:52 of 3rd period - Shot by David Gustafsson.
3:52 of 3rd period - Shot Misses the Net.
3:54 of 3rd period - Shot by Marc-Edouard Vlasic.
3:54 of 3rd period - Shot Blocked by Aaron Harstad.
3:56 of 3rd period - Shot by Marc-Edouard Vlasic.
3:56 of 3rd period - Shot Blocked by Aaron Harstad.
4:04 of 3rd period - Shot by Sebastien Reppo.
4:04 of 3rd period - Shot Misses the Net.
4:40 of 3rd period - Shot by Paul Stastny.
4:40 of 3rd period - Shot Blocked by Mark Giordano.
5:07 of 3rd period - Icing by Dan Renouf.
5:08 of 3rd period - Noel Acciari wins face-off versus Jacob Peterson in Eagles zone.
5:16 of 3rd period - C.J. Smith is hit by Dan Renouf.
5:35 of 3rd period - Brayden Burke is hit by Sergei Boikov and loses puck.
5:44 of 3rd period - Shot by Noel Acciari.
5:44 of 3rd period - Shot Misses the Net.
5:46 of 3rd period - Shot by C.J. Smith.
5:46 of 3rd period - Shot Misses the Net.
5:48 of 3rd period - Shot by Noel Acciari.
5:48 of 3rd period - Stopped by Cory Schneider without a rebound.
5:49 of 3rd period - Cooper Marody wins face-off versus Paul Stastny in Eagles zone.
5:56 of 3rd period - Stuart Percy is hit by Matej Paulovic and loses puck.
6:15 of 3rd period - Shot by Matej Paulovic.
6:15 of 3rd period - Deflect By Cooper Marody.
6:15 of 3rd period - Shot Misses the Net.
6:40 of 3rd period - Mark Giordano is hit by Ryan Lomberg and loses puck.
7:11 of 3rd period - Shot by David Gustafsson.
7:11 of 3rd period - Shot Misses the Net.
7:13 of 3rd period - Shot by Mark Giordano.
7:13 of 3rd period - Shot Misses the Net.
7:35 of 3rd period - Dan Renouf is hit by Stefan Noesen and loses puck.
7:42 of 3rd period - Shot by Stefan Noesen.
7:42 of 3rd period - Deflect By Noel Acciari.
7:42 of 3rd period - Stopped by Cory Schneider without a rebound.
7:43 of 3rd period - Noel Acciari wins face-off versus Cooper Marody in Eagles zone.
7:52 of 3rd period - Kris Russell is hit by Noel Acciari and loses puck.
8:03 of 3rd period - Shot by Matej Paulovic.
8:03 of 3rd period - Stopped by Andrew D'Agostini with a rebound.
8:20 of 3rd period - Minor Penalty to Kris Russell for Hooking.
8:21 of 3rd period - David Gustafsson wins face-off versus Paul Stastny in Eagles zone.
8:36 of 3rd period - Marc-Edouard Vlasic is hit by Ryan Lomberg and loses puck.
9:22 of 3rd period - Cooper Marody is hit by Ryan Lomberg and loses puck.
9:50 of 3rd period - Off-side.
9:51 of 3rd period - David Gustafsson wins face-off versus Noel Acciari in neutral zone.
10:08 of 3rd period - Shot by Stefan Noesen.
10:08 of 3rd period - Shot Misses the Net.
10:10 of 3rd period - Shot by Noel Acciari.
10:10 of 3rd period - Deflect By Stefan Noesen.
10:10 of 3rd period - Shot Misses the Net.
10:14 of 3rd period - Shot by Noel Acciari.
10:14 of 3rd period - Shot Blocked by Cooper Marody.
10:16 of 3rd period - Shot by Noel Acciari.
10:16 of 3rd period - Shot Misses the Net.
10:18 of 3rd period - Shot by C.J. Smith.
10:18 of 3rd period - Shot Misses the Net.
10:20 of 3rd period - Shot by Sergei Boikov.
10:20 of 3rd period - Shot Misses the Net.
10:41 of 3rd period - Icing by Brayden Burke.
10:42 of 3rd period - Stelio Mattheos wins face-off versus Tyler Bozak in Eagles zone.
11:25 of 3rd period - Shot by Michael Chaput.
11:25 of 3rd period - Stopped by Cory Schneider without a rebound.
11:26 of 3rd period - Michael Chaput wins face-off versus Cooper Marody in Eagles zone.
11:32 of 3rd period - Brett Kulak is hit by Sergei Boikov and loses puck.
11:46 of 3rd period - Icing by Bobby Nardella.
11:47 of 3rd period - Alex Belzile wins face-off versus David Gustafsson in Thunderbirds zone.
12:25 of 3rd period - Off-side.
12:26 of 3rd period - Noel Acciari wins face-off versus Tyler Bozak in neutral zone.
12:49 of 3rd period - Shot by Tyler Bozak.
12:49 of 3rd period - Deflect By Jacob Peterson.
12:49 of 3rd period - Stopped by Andrew D'Agostini without a rebound.
12:50 of 3rd period - Cooper Marody wins face-off versus Paul Stastny in Thunderbirds zone.
13:13 of 3rd period - Shot by Cooper Marody.
13:13 of 3rd period - Stopped by Andrew D'Agostini with a rebound.
13:15 of 3rd period - Shot by Ty Emberson.
13:15 of 3rd period - Stopped by Andrew D'Agostini with a rebound.
13:19 of 3rd period - Shot by Cooper Marody.
13:19 of 3rd period - Stopped by Andrew D'Agostini without a rebound.
13:20 of 3rd period - Noel Acciari wins face-off versus David Gustafsson in Thunderbirds zone.
13:20 of 3rd period - Noel Acciari is hit by Leo Komarov.
13:28 of 3rd period - Brett Kulak is hit by Noel Acciari and loses puck.
13:42 of 3rd period - David Gustafsson is hit by C.J. Smith and loses puck.
13:47 of 3rd period - Stefan Noesen is hit by Leo Komarov and loses puck.
14:17 of 3rd period - Mark Giordano is hit by Sergei Boikov and loses puck.
14:30 of 3rd period - Mark Giordano is hit by Ryan Lomberg and loses puck.
14:37 of 3rd period - Shot by Paul Stastny.
14:37 of 3rd period - Shot Misses the Net.
14:39 of 3rd period - Shot by Paul Stastny.
14:39 of 3rd period - Stopped by Cory Schneider with a rebound.
14:53 of 3rd period - Shot by Ryan Lomberg.
14:53 of 3rd period - Shot Misses the Net.
15:05 of 3rd period - Shot by Alex Belzile.
15:05 of 3rd period - Shot Misses the Net.
15:23 of 3rd period - Shot by Michael Chaput.
15:23 of 3rd period - Stopped by Cory Schneider with a rebound.
15:25 of 3rd period - Shot by Aaron Harstad.
15:25 of 3rd period - Deflect By Michael Chaput.
15:25 of 3rd period - Stopped by Cory Schneider with a rebound.
15:27 of 3rd period - Shot by Alex Peters.
15:27 of 3rd period - Shot Misses the Net.
15:29 of 3rd period - Shot by Alex Belzile.
15:29 of 3rd period - Goal by Alex Belzile - Thunderbirds : 5 - Eagles : 1.
15:30 of 3rd period - David Gustafsson wins face-off versus Stelio Mattheos in neutral zone.
15:39 of 3rd period - Shot by David Gustafsson.
15:39 of 3rd period - Shot Misses the Net.
15:48 of 3rd period - Minor Penalty to Stuart Percy for Hooking.
15:49 of 3rd period - Paul Stastny wins face-off versus David Gustafsson in Thunderbirds zone.
15:49 of 3rd period - Paul Stastny is hit by Leo Komarov.
17:51 of 3rd period - Icing by Alex Peters.
17:52 of 3rd period - David Gustafsson wins face-off versus Alex Belzile in Thunderbirds zone.
18:16 of 3rd period - Icing by Devante Smith-Pelly.
18:17 of 3rd period - David Gustafsson wins face-off versus Stelio Mattheos in Eagles zone.
19:14 of 3rd period - Shot by Matej Paulovic.
19:14 of 3rd period - Stopped by Andrew D'Agostini without a rebound.
19:15 of 3rd period - Tyler Bozak wins face-off versus Alex Belzile in Thunderbirds zone.
19:52 of 3rd period - Shot by Austin Poganski.
19:52 of 3rd period - Shot Misses the Net.
Goals for this period are 1 for Thunderbirds vs 0 for Eagles.
Shots for this period are 11 for Thunderbirds vs 6 for Eagles.